 Dungeon Crawl Stone Soup version 0.30-a0-857-gcaf70739d4 (webtiles) character file.

Game seed: 4019737181551074218

91 demibob the Slasher (level 4, -1/33 HPs)
             Began as a Demonspawn Wanderer on Mar 5, 2023.
             Slain by a kobold
             ... wielding a +1 short sword of electrocution
              (4 damage)
             ... on level 3 of the Dungeon.
             The game lasted 00:03:14 (1753 turns).

demibob the Slasher (Demonspawn Wanderer)           Turns: 1753, Time: 00:03:15

Health: -1/33      AC:  3    Str: 11 (12) XL:     4   Next: 34%
Magic:  4/4        EV: 11    Int:  9 (11) God:
Gold:   64         SH:  4    Dex: 14 (17) Spells: 3/3 levels left

rFire   . . .      SeeInvis .    a - +1 falchion
rCold   . . .      Faith    .    (no shield)
rNeg    . . .      Spirit   .    f - +1 robe
rPois   .          Reflect  .    (no helmet)
rElec   .          Rampage  .    (no cloak)
rCorr   .                        (no gloves)
Will    .....                    (no boots)
Stlth   ++                       (no amulet)
HPRegen 0.25/turn                (no ring)
MPRegen 0.09/turn                (no ring)

@: flying, invisible
A: hooves 2, condensation shield
a: no special abilities


You were on level 3 of the Dungeon.
You visited 1 branch of the dungeon, and saw 3 of its levels.

You collected 64 gold pieces.


Innate Abilities, Weirdness & Mutations

You have hoof-like feet.
A meltable shield of frost defends you. (SH +4)


   Skills:
 - Level 2.0 Fighting
 + Level 4.2 Long Blades
 - Level 1.7 Throwing
 - Level 1.0 Armour
 - Level 1.0 Stealth
 - Level 2.0 Evocations


You had 3 spell levels left.
You didn't know any spells.
Your spell library contained the following spells:

 Spells                   Type           Power      Damage    Failure   Level
 Sting                    Tmut/Pois      0%         1d3       38%         1
 Summon Small Mammal      Summ           0%         N/A       38%         1
 Poisonous Vapours        Pois/Air       0%         N/A       52%         2
 Call Canine Familiar     Summ           0%         N/A       77%         3
 Summon Guardian Golem    Hex/Summ       0%         N/A       77%         3
 Ice Form                 Ice/Tmut       0%         N/A       99%         4
 Olgreb's Toxic Radiance  Pois           0%         N/A       99%         4
 Yara's Violent Unravell  Hex/Tmut       0%         3d3       100%        5
 Statue Form              Tmut/Erth      0%         N/A       100%        6

Inventory:

Hand Weapons
 a - a +1 falchion (weapon)
 d - a +0 dagger
Missiles
 c - 15 poisoned darts (quivered)
Armour
 f - a +1 robe (worn)
Wands
 k - a wand of flame (8)
Scrolls
 h - a scroll of teleportation {@r2}
 j - 2 scrolls of enchant weapon
 l - a scroll of torment {unknown}
 m - a scroll of poison {unknown}
Miscellaneous
 b - a condenser vane

Dungeon Overview and Level Annotations

Branches:
Dungeon (3/15)

Altars:
Fedhas
Yredelemnul

Shops:
D:2 [ D:3

((( #. #.... # #....
###############....
.........>......##.
#####......###########
##...##.....#
#).!..####..#
#)...K#..##.#
#.!)KK@..'..#
#....K#..####
#.$..K#### ##...# ####


You could see 5 kobolds.


Message History

* * * LOW HITPOINT WARNING * * *
You block the kobold's attack. The kobold closely misses you.
The kobold barely misses you.
It was a potion of invisibility.
You fade into invisibility!
The kobold hits you with a +0 short sword.
* * * LOW HITPOINT WARNING * * *
The kobold throws a stone.
The stone barely misses the kobold.
The stone hits you but does no damage. You block the kobold's attack.
The kobold hits you but does no damage.
It was a potion of flight.
You feel very buoyant.
You fly up into the air.
The kobold hits you with a +0 short sword.
* * * LOW HITPOINT WARNING * * *
The kobold closely misses you.
The kobold throws a stone.
The stone misses the kobold.
You block the stone. The kobold barely misses you.
It was a potion of degeneration.
There was something very wrong with that liquid.
You feel weakened.
You feel dopey.
You feel clumsy.
The kobold hits you with a +1 short sword of electrocution.
* * * LOW HITPOINT WARNING * * *
The kobold barely misses you.
The kobold throws a stone.
The stone completely misses the kobold.
You block the stone. The kobold barely misses you.
The kobold barely misses you. You block the kobold's attack.
The kobold hits you with a +0 short sword.
* * * LOW HITPOINT WARNING * * *
The kobold hits you with a +1 short sword of electrocution.
You die...

Skill      XL: |  1  2  3  4 |
---------------+-------------+-----
Long Blades    | 2 3 4 |  4.2
Fighting       | |  2.0
Throwing       | |  1.7
Armour         | |  1.0
Stealth        | |  1.0
Evocations     | |  2.0

Action                     |  1- 3 |  4- 6 || total
---------------------------+-------+-------++-------
  Melee: Falchion          |   113 |    35 ||   148
         Punch             |     1 |       ||     1
         Kick              |    18 |    10 ||    28
    Use: Potion            |     3 |     3 ||     6
         Scroll            |       |     6 ||     6
   Stab: Sleeping          |     3 |     3 ||     6
 Armour: Robe              |    19 |     9 ||    28
  Dodge: Dodged            |    65 |    28 ||    93
  Block: Other             |       |    13 ||    13

Levels and vault maps discovered:
D:1:      dpeg_arrival_fog, layout_loops_cross, serial_glass, glass_columns_a,
          glass_columns_c, amcnicky_mini_rare_corridor_liquid,
          kennysheep_flooded_box
D:2:      layout_rooms, basic_altar, serial_shops, shop_fountains,
          due_unseen_surprise
D:3:      layout_basic, minitemple, fedhas_altar_4, serial_shops,
          nicolae_shop_bloodbath_and_beyond, nicolae_shop_behind_doors,
          nicolae_shop_advertising_works [nicolae_subvault_shop_adworks],
          nicolae_shop_stone, shop, minmay_misc_feat_ornament,
          minmay_goblin_kobold_house

Notes
Turn   | Place    | Note
-------+----------+-------------------------------------------
     0 | D:1      | demibob the Demonspawn Wanderer began the quest for the
                  | Orb.
     0 | D:1      | demibob set off with the following items: a +0 falchion, a
                  | condenser vane, 15 poisoned darts, a +0 dagger, a potion of
                  | heal wounds {@q2}, a +0 robe.
     0 | D:1      | Reached XP level 1. HP: 16/16 MP: 1/1
    48 | D:1      | Reached skill level 2 in Long Blades
    71 | D:1      | Gained mutation: You have large cloven feet. [demonic
                  | ancestry]
    71 | D:1      | Reached XP level 2. HP: 12/22 MP: 2/2
   217 | D:1      | Reached skill level 3 in Long Blades
   319 | D:1      | Gained mutation: You have hoof-like feet. [demonic
                  | ancestry]
   319 | D:1      | Reached XP level 3. HP: 21/27 MP: 3/3
   916 | D:2      | Found Neuduiniw's Antique Armour Emporium.
  1028 | D:2      | Gained mutation: A meltable shield of frost defends you.
                  | (SH +4) [demonic ancestry]
  1028 | D:2      | Reached XP level 4. HP: 23/33 MP: 4/4
  1086 | D:2      | Reached skill level 4 in Long Blades
  1299 | D:2      | Found a basalt altar of Yredelemnul.
  1523 | D:3      | Found Biucakh's Antique Weapon Emporium.
  1606 | D:3      | Found a blossoming altar of Fedhas.
  1665 | D:3      | Got the Directory of Vicissitude
  1671 | D:3      | Found Moama's Weapon Boutique.
  1689 | D:3      | Found Aveatob's Weapon Shop.
  1752 | D:3      | HP: 3/33 [kobold/+0 short sword (2)]
  1753 | D:3      | Slain by a kobold

Vanquished Creatures
  2 adders (D:2)
  A worm (D:2)
  4 dart slugs
  6 bats
  3 endoplasms
  3 giant cockroaches (D:1)
  3 goblins
  5 hobgoblins
  4 jackals (D:1)
  13 kobolds
  2 quokkas (D:1)
  5 ball pythons
  5 frilled lizards
  4 rats
60 creatures vanquished.

Table legend: (Time is in decaauts)
 A = Elapsed time spent in this place.
 B = Non-inter-level travel time spent in this place.
 C = Inter-level travel time spent in this place.
 D = Time resting spent in this place.
 E = Time spent auto-exploring this place.
 F = Levels seen in this place.
 G = Mean time per level.
                   A        B        C        D        E       F      G
               +--------+--------+--------+--------+--------+-----+--------+
         Total |   1771 |   1723 |     48 |      0 |   1310 |   3 |  590.3 |
       Dungeon |   1771 |   1723 |     48 |      0 |   1310 |   3 |  590.3 |
               +--------+--------+--------+--------+--------+-----+--------+

Top non-repeatable levels by time:
     D:1: 893 daAuts
     D:2: 614 daAuts
     D:3: 264 daAuts

Table legend:
 A = Non-vault XP
 B = Vault XP
 C = Vault XP percentage of total XP
 D = Non-vault monster count
 E = Vault monster count
 F = Vault count percentage of total count
                 A         B        C        D         E       F
            +---------+---------+-------+---------+---------+-------
      Total |     129 |       2 |   1.5 |      59 |       1 |   1.7
            +---------+---------+-------+---------+---------+-------
        D:1 |      63 |       0 |   0.0 |      34 |       0 |   0.0
        D:2 |      58 |       0 |   0.0 |      20 |       0 |   0.0
        D:3 |       8 |       2 |  20.0 |       5 |       1 |  16.7
            +---------+---------+-------+---------+---------+-------
